 Dungeon Crawl Stone Soup version 0.30-a0-51-g784eafce7f (webtiles) character file.

Game seed: 6798708474032781268

1688 drugrobin the Slicer (level 8, -10/53 (62) HPs)
             Began as a Demigod Delver on Sept 6, 2022.
             Mangled by a wight
             ... wielding a +0 halberd
              (15 damage)
             ... on level 6 of the Dungeon.
             The game lasted 00:14:06 (7725 turns).

drugrobin the Slicer (Demigod Delver)               Turns: 7725, Time: 00:14:07

HP:   -10/53 (62)   AC:  9    Str: 22    XL:     8   Next: 43%
MP:   9/10          EV: 11    Int: 12    God:
Gold: 315           SH:  0    Dex: 19    Spells: 5/7 levels left

rFire   . . .      SeeInvis +    b - +3 falchion
rCold   x . .      Faith    .    (no shield)
rNeg    . . .      Spirit   .    J - +2 ring mail of Servitude {rC- Str+5 SInv Stlth+}
rPois   .          Reflect  .    f - +0 helmet
rElec   .          Harm     .    q - +0 cloak
rCorr   +          Rampage  .    (no gloves)
Will    .....                    (no boots)
Stlth   +++.......               (no amulet)
HPRegen 0.17/turn                B - ring of resist corrosion
MPRegen 0.12/turn                (no ring)

@: heavily drained
A: high MP 1, forlorn, divine attributes
a: no special abilities


You were on level 6 of the Dungeon.
You visited 1 branch of the dungeon, and saw 6 of its levels.

You collected 315 gold pieces.

Inventory:

Hand Weapons
 a - a +0 dagger of venom
 b - a +3 falchion (weapon)
 r - a +1 whip of freezing
 H - a +0 short sword
Missiles
 u - 4 poisoned darts
 N - 2 boomerangs (quivered)
Armour
 f - a +0 helmet (worn)
 j - a +0 chain mail
 m - an orb of guile
 q - a +0 cloak (worn)
 v - a scarf of repulsion
 C - a +0 leather armour
 J - the +2 ring mail of Servitude (worn) {rC- Str+5 SInv Stlth+}
   (You found it on level 3 of the Dungeon)

   Str:       It affects your strength (+5).
   rC:        It makes you vulnerable to cold.
   SInv:      It lets you see invisible.
   Stlth:     It makes you more stealthy.
Magical Staves
 x - a staff of death
 M - a staff of cold
Jewellery
 B - a ring of resist corrosion (left hand)
Wands
 g - a wand of digging (3)
 I - a wand of roots (8)
Scrolls
 c - a scroll of fog
 e - 4 scrolls of fear
 h - 2 scrolls of identify
 i - 7 scrolls of teleportation {unknown}
 l - 3 scrolls of enchant weapon {unknown}
 n - a scroll of amnesia {unknown}
 o - a scroll of vulnerability {unknown}
 p - a scroll of brand weapon {unknown}
 s - a scroll of blinking {unknown}
 w - a scroll of acquirement {unknown}
 y - 3 scrolls of immolation {unknown}
 D - a scroll of torment {unknown}
 E - a scroll of enchant armour {unknown}
 K - 2 scrolls of magic mapping
 O - a scroll of silence {unknown}
Potions
 d - 3 potions of mutation {unknown}
 k - 2 potions of heal wounds {unknown}
 t - 3 potions of might {unknown}
 z - 2 potions of lignification {unknown}
 A - a potion of degeneration {unknown}
 F - a potion of ambrosia {unknown}
 G - 2 potions of flight {unknown}
 L - 2 potions of cancellation {unknown}


   Skills:
 - Level 2.6 Fighting
 - Level 10.0 Short Blades
 - Level 1.7 Dodging
 - Level 4.5 Stealth
 + Level 2.7 Translocations


You had 5 spell levels left.
You knew the following spells:

 Your Spells              Type           Power      Damage    Failure   Level
a - Blink                 Tloc           12%        N/A       26%         2

Your spell library contained the following spells:

 Spells                   Type           Power      Damage    Failure   Level
 Lesser Beckoning         Tloc           6%         N/A       45%         3
 Freeze                   Ice            0%         1d3       47%         1
 Dazzling Flash           Conj/Hex       0%         N/A       85%         3
 Frozen Ramparts          Ice            0%         1d1       85%         3
 Iskenderun's Mystic Bla  Conj/Tloc      3%         2d3       97%         4
 Hailstorm                Conj/Ice       0%         3d3       99%         4
 Manifold Assault         Tloc           6%         N/A       99%         5
 Starburst                Conj/Fire      0%         6d3       100%        6


Dungeon Overview and Level Annotations

Branches:
Dungeon (6/15)
 Temple: D:4-7


Innate Abilities, Weirdness & Mutations

You have an increased reservoir of magic. (+10% MP)
You shall have no god before yourself.
Your divine heritage dramatically boosts your attributes as you level up.


Message History

Aiming: Fastroot
Press: ? - help, Shift-Dir - straight line, f - wight
Aim: a wight, wielding a +0 halberd and wearing a +0 robe The roots erupt in riotous growth!
Roots grab the wight.
The grasping roots constrict the wight.
The wight escapes!
Unknown command.
Aiming: Fastroot
Press: ? - help, Shift-Dir - straight line, f/p - wight
Aim: a wight, wielding a +0 halberd and wearing a +0 robe (moderately damaged)
The roots erupt in riotous growth!
Roots grab the wight.
The grasping roots constrict the wight.
The wight struggles to escape constriction.
Unknown command.
Unknown command.
Throw: 2 boomerangs
Press: ? - help, Q - select action, (/) - cycle Shift-Dir - straight line, f/p - wight
Aim: a wight, wielding a +0 halberd and wearing a +0 robe (heavily damaged, constricted by roots, 90% to hit)
You throw a boomerang.
The boomerang hits the wight but does no damage.
The wight is heavily damaged.
You feel stable enough to blink again.
The grasping roots constrict the wight.
The roots release their grip on the wight.
The wight hits you from afar with a +0 halberd.
* * * LOW HITPOINT WARNING * * *
You feel drained.
* * * LOW HITPOINT WARNING * * *
Unknown command.
Unknown command.
Unknown command.
Aiming: Fastroot
Press: ? - help, Shift-Dir - straight line, f/p - wight
Aim: a wight, wielding a +0 halberd and wearing a +0 robe (severely damaged)
The roots erupt in riotous growth!
Roots grab the wight.
The grasping roots constrict the wight.
The wight hits you from afar with a +0 halberd!
You die...

........##..........#
#.#
........####........#
#.#
.........z)'........#
#.#
############).......#
#.# #........# #.#
#........# #.#
#...z....# #.#
#........# #.#
#....@...# #.#
#........## #.#
######....# #.#
####.# #.# #.# #.#
#.# #.# #.# #.# #.#
#.# #######.# #.###


You could see a wight (rooted).

Vanquished Creatures
  A sky beast (D:6)
  4 black bears
  An ice beast (D:5)
  A centaur (D:5)
  A phantom (D:3)
  A scorpion (D:6)
  2 wights (D:6)
  8 hounds
  A jelly (D:6)
  2 gnoll boudas
  An orc priest (D:4)
  3 orc wizards
  2 iguanas
  Robin (D:2)
  13 gnolls
  8 adders
  A white imp (D:5)
  2 ufetubi
  A worm (D:4)
  2 dart slugs
  19 orcs
  6 endoplasms
  2 giant cockroaches
  12 goblins
  9 hobgoblins
  6 jackals
  9 quokkas
  6 ball pythons
  2 bats (D:2)
  4 frilled lizards
  9 kobolds
  2 rats
142 creatures vanquished.

Notes
Turn   | Place    | Note
-------+----------+-------------------------------------------
     0 | D:5      | drugrobin the Demigod Delver began the quest for the Orb.
     0 | D:5      | Reached XP level 1. HP: 18/18 MP: 3/3
    14 | D:5      | Noticed a black bear
   115 | D:4      | Reached skill level 2 in Short Blades
   209 | D:4      | Noticed a black bear
   209 | D:4      | Noticed an iguana
   224 | D:4      | Noticed a phantom
   236 | D:3      | Noticed an orc wizard
   543 | D:2      | Reached XP level 2. HP: 25/25 MP: 4/4
   952 | D:1      | Reached skill level 3 in Short Blades
  2100 | D:2      | Reached XP level 3. HP: 9/30 MP: 5/5
  2386 | D:2      | Noticed Robin
  2744 | D:2      | Reached skill level 4 in Short Blades
  3153 | D:2      | Killed Robin
  3154 | D:2      | Reached XP level 4. HP: 33/37 MP: 6/6
  3891 | D:3      | You fall into a shaft and drop 2 floors!
  3901 | D:5      | Killed a black bear
  3902 | D:5      | Reached skill level 5 in Short Blades
  3902 | D:5      | Reached XP level 5. HP: 42/42 MP: 7/7
  4326 | D:3      | Reached skill level 6 in Short Blades
  4326 | D:3      | Reached XP level 6. HP: 25/50 MP: 8/8
  4583 | D:3      | Identified the +2 ring mail of Servitude {rC- Str+5 SInv
                  | Stlth+}
  4965 | D:3      | Reached skill level 7 in Short Blades
  5173 | D:4      | Reached XP level 7. HP: 48/56 MP: 9/9
  5913 | D:5      | Reached skill level 8 in Short Blades
  6133 | D:5      | Reached skill level 9 in Short Blades
  6211 | D:5      | Learned a level 2 spell: Blink
  6375 | D:5      | Reached XP level 8. HP: 38/62 MP: 10/10
  7395 | D:6      | Reached skill level 1 in Translocations
  7709 | D:6      | Reached skill level 10 in Short Blades
  7725 | D:6      | Mangled by a wight

Illustrated notes

Levels and vault maps discovered:
D:1:      onia_arrival_mini_maze, layout_basic, ebering_ecumenical_altar_box
D:2:      layout_rooms, uniq_robin
D:3:      layout_rooms
D:4:      layout_gridville, trog_ov_bears_minmay
D:5:      minmay_bubble_buster, layout_basic, nicolae_uskayaw_suspiria
D:6:      layout_basic, serial_shops, nicolae_stop_n_shop_1

Skill      XL: |  1  2  3  4  5  6  7  8 |
---------------+-------------------------+-----
Short Blades   | 2 3 4 5 6 7 9 10 | 10.0
Translocations | 2 |  2.7
Fighting       | |  2.6
Dodging        | |  1.7
Stealth        | |  4.5

Action                   |  1- 3 |  4- 6 |  7- 9 || total
-------------------------+-------+-------+-------++-------
Melee: Short sword       |   198 |    12 |       ||   210
       Punch             |     1 |     2 |     2 ||     5
       Dagger            |     3 |   147 |   156 ||   306
       Falchion          |       |    40 |   100 ||   140
Throw: Dart              |     4 |     5 |       ||     9
       Boomerang         |       |       |    17 ||    17
 Cast: Blink             |       |       |     1 ||     1
Evoke: Wand              |       |       |     3 ||     3
  Use: Scroll            |     3 |       |       ||     3
       Potion            |     1 |       |       ||     1
 Stab: Sleeping          |     9 |     4 |     7 ||    20
Armor: Leather armour    |    58 |    40 |       ||    98
       Ring mail         |       |    53 |    81 ||   134
Dodge: Dodged            |   110 |   155 |   100 ||   365

Table legend: (Time is in decaauts)
 A = Elapsed time spent in this place.
 B = Non-inter-level travel time spent in this place.
 C = Inter-level travel time spent in this place.
 D = Time resting spent in this place.
 E = Time spent auto-exploring this place.
 F = Levels seen in this place.
 G = Mean time per level.
                   A        B        C        D        E       F      G
               +--------+--------+--------+--------+--------+-----+--------+
         Total |   7567 |   7384 |    183 |   1604 |   4115 |   6 | 1261.2 |
       Dungeon |   7567 |   7384 |    183 |   1604 |   4115 |   6 | 1261.2 |
               +--------+--------+--------+--------+--------+-----+--------+

Top non-repeatable levels by time:
     D:1: 1979 daAuts
     D:5: 1660 daAuts
     D:3: 1333 daAuts
     D:2: 1170 daAuts
     D:4: 886 daAuts
     D:6: 537 daAuts
